 Dungeon Crawl Stone Soup version 0.29.1-12-g30fa7ad0bf (webtiles) character file.

Game seed: 15893932675440959264

2 hawla the Chiller (level 1, -4/14 HPs)
             Began as a Meteoran Ice Elementalist on Dec 25, 2022.
             Slain by a scorpion (6 damage)
             ... on level 3 of the Dungeon.
             The game lasted 00:00:48 (124 turns).

hawla the Chiller (Meteoran Ice Elementalist)        Turns: 124, Time: 00:00:48

Health: -4/14      AC:  2    Str:  9    XL:     1   Next: 57%
Magic:  0/5        EV: 12    Int: 16    God:
Gold:   23         SH:  0    Dex: 14    Spells: 4/5 levels left

rFire   . . .      SeeInvis .   (no weapon)
rCold   . . .      Faith    .   (no shield)
rNeg    . . .      Spirit   .   a - +0 robe
rPois   .          Reflect  .   (no helmet)
rElec   .          Harm     .   (no cloak)
rCorr   .          Rampage  .   (no gloves)
Will    .....                   (no boots)
Stlth   +.........              (no amulet)
HPRegen 0.04/turn               (no ring)
MPRegen 0.09/turn               (no ring)

@: glowing
A: sense surroundings 1, otherworldly, glowing, explore regen
a: no special abilities


You were on level 3 of the Dungeon.
You visited 1 branch of the dungeon, and saw 3 of its levels.

You collected 23 gold pieces.

Inventory:

Armour
 a - a +0 robe (worn)
Jewellery
 f - a ring of resist corrosion
Scrolls
 d - a scroll of butterflies {unknown}
 g - a scroll of amnesia {unknown}
Potions
 b - a potion of magic
 c - a potion of attraction {unknown}
 e - a potion of curing {unknown}


   Skills:
 + Level 2.4 Dodging
 - Level 1.4 Stealth
 + Level 2.7 Spellcasting
 + Level 4.5 Ice Magic


You had 4 spell levels left.
You knew the following spells:

 Your Spells              Type           Power      Damage    Failure   Level
a - Freeze                Ice            64%        1d8       3%          1

Your spell library contained the following spells:

 Spells                   Type           Power      Damage    Failure   Level
 Frozen Ramparts          Ice            32%        1d5       9%          3
 Ozocubu's Armour         Ice            16%        N/A       9%          3
 Hailstorm                Conj/Ice       9%         3d4       58%         4


Dungeon Overview and Level Annotations

Branches:
Dungeon (3/15) Zot: 1666

Altars:


Innate Abilities, Weirdness & Mutations

You passively map a small area around you.
You are easily found by Zot.
You glow in the dark.
You regain HP and MP as you explore.


Message History

You freeze the endoplasm.
You kill the endoplasm!
Okay, then.
Okay, then.
You climb downwards.
The scorpion stings you but does no damage.
The dart slug briefly extends its eye-stalks.
The dart slug bites you.
There is a stone staircase leading up, spattered with blood here.
Casting: Freeze (safe; 3% risk of failure)
Confirm with . or Enter, or press ? or * to list all spells.
Aiming: Freeze (safe; 3% risk of failure)
Press: ? - help, Shift-Dir - straight line, f - scorpion
Aim: a scorpion You freeze the scorpion.
The scorpion is lightly wounded.
The scorpion barely misses you.
Unknown command.
Casting: Freeze (safe; 3% risk of failure)
Confirm with . or Enter, or press ? or * to list all spells.
Aiming: Freeze (safe; 3% risk of failure)
Press: ? - help, Shift-Dir - straight line, f/p - scorpion
Aim: a scorpion (lightly wounded)
You freeze the scorpion!
The scorpion is heavily wounded.
The giant cockroach bites you but does no damage.
The scorpion barely misses you. The dart slug bites you.
Casting: Freeze (safe; 3% risk of failure)
Confirm with . or Enter, or press ? or * to list all spells.
Aiming: Freeze (safe; 3% risk of failure)
Press: ? - help, Shift-Dir - straight line, f/p - scorpion
Aim: a scorpion (heavily wounded)
You freeze the scorpion!
The scorpion is almost dead.
The giant cockroach bites you. The scorpion barely misses you.
The dart slug launches a dart at you. The slug dart hits you.
* * * LOW HITPOINT WARNING * * *
The giant cockroach misses you. The scorpion stings you.
You die...

,, , ,, , ,
*##....,.......
, #.....
.....[# * *
#..... .......
* , #.....
....... , * ,,
, #....,.....,
, ... ... * ,
##s#B##*
#..@..# >*
#..#w.# * * #..
....., , ....
...### , .....
..... ..####?
.#..##* , .
**#. .##..* * ,
.. .# #.# , *


You could see a scorpion, a dart slug and a giant cockroach.

Vanquished Creatures
  2 endoplasms (D:2)
2 creatures vanquished.

Notes
Turn   | Place    | Note
-------+----------+-------------------------------------------
     0 | D:1      | hawla the Meteoran Ice Elementalist began the quest for the
                  | Orb.
     0 | D:1      | Reached XP level 1. HP: 14/14 MP: 5/5
   113 | D:3      | Noticed a scorpion
   124 | D:3      | Slain by a scorpion

Illustrated notes

Levels and vault maps discovered:
D:1:      spicycebolla_arrival_clurvy, layout_basic, serial_shops, shop,
          nicolae_shop_window_shopping, shop, shop, basic_ecumenical_altar,
          chequers_serial_rivers_large_a, hangedman_decor_opposing
D:2:      layout_rooms, bh_walls_and_bars
D:3:      layout_rooms, hex_medium

Action                   || total
-------------------------++-------
 Cast: Freeze            ||     6
Armor: Robe              ||     2
Dodge: Dodged            ||     6
